 Dungeon Crawl Stone Soup version 0.30.0-29-ga12c61a403 (webtiles) character file.

Game seed: 8823363360062292115

252 MissSlay the Ducker (level 5, -3/24 HPs)
             Began as a Felid Berserker on June 11, 2023.
             Was a Believer of Trog.
             Slain by an ogre
             ... wielding a +0 giant spiked club
              (16 damage)
             ... on level 4 of the Dungeon.
             The game lasted 00:15:51 (3461 turns).

MissSlay the Ducker (Felid Berserker)               Turns: 3461, Time: 00:15:51

Health: -3/24      AC:  2    Str: 13    XL:     5   Next: 89%
Magic:  0/6        EV: 20    Int:  9    God:    Trog [**....]
Gold:   227        SH:  0    Dex: 17    Spells: 4/4 levels left
                                        Lives:  0   Deaths: 1

rFire   . .          .
                       - Unarmed
rCold   . . .        (shield unavailable)
rNeg    . . .        (body armour unavailable)
rPois   .            (helmet unavailable)
rElec   .            (cloak unavailable)
rCorr   .            (gloves unavailable)
SInv    +            (boots unavailable)
Will    .....        g - amulet of guardian spirit
Stlth   ++           (no ring)
HPRegen 0.24/turn    (no ring)
MPRegen 0.10/turn

%: guardian spirit
@: on berserk cooldown, slowed, slow
A: very small, claws 1, fangs 3, see invisible, speed 1, shaggy fur 2, stealthy
paws, no weapons or thrown items, no armour, multi-lived
a: Renounce Religion, Berserk, Trog's Hand


You were on level 4 of the Dungeon.
You worshipped Trog.
Trog was pleased with you.
You visited 1 branch of the dungeon, and saw 4 of its levels.

You collected 227 gold pieces.

Inventory:

Missiles
 i - 3 poisoned darts
Jewellery
 g - an amulet of guardian spirit (around neck)
 p - the ring of Hergheu Midgho {rF+ rC- rN+ EV+5 Str+3}
   (You found it on level 2 of the Dungeon)

   [ring of evasion]

   EV:        It affects your evasion (+5).
   Str:       It affects your strength (+3).
   rF:        It protects you from fire.
   rC:        It makes you vulnerable to cold.
   rN:        It protects you from negative energy.
 q - a ring of ice
Scrolls
 b - a scroll of poison {unknown}
 d - a scroll of amnesia {unknown}
 f - a scroll of enchant armour {unknown}
 h - a scroll of magic mapping {unknown}
 m - a scroll of enchant weapon {unknown}
 n - 3 scrolls of identify {unknown}
 o - a scroll of fear {unknown}
 t - a scroll of brand weapon {unknown}
Potions
 a - 2 potions of mutation {unknown}
 c - a potion of heal wounds {unknown}
 e - 2 potions of degeneration {unknown}
 j - a potion of lignification {unknown}
 k - 2 potions of haste {unknown}
 l - a potion of ambrosia {unknown}
 r - a potion of brilliance {unknown}
 s - a potion of attraction {unknown}


   Skills:
 + Level 3.5 Fighting
 + Level 6.4 Dodging
 + Level 2.1 Stealth
 + Level 6.3 Unarmed Combat


You had 4 spell levels left.
You didn't know any spells.
Your spell library was empty.

Dungeon Overview and Level Annotations

Branches:
Dungeon (4/15)
 Temple: D:4-7

Altars:
Sif Muna


Innate Abilities, Weirdness & Mutations

You have sharp claws.
You have razor-sharp teeth.
You have supernaturally acute eyesight. (SInv)
You cover ground quickly. (Speed+)
You are covered in thick fur. (AC +2)
Your paws help you pounce on unaware monsters.
You are incapable of wielding weapons or throwing items.
You cannot wear armour.
You gain extra lives every three experience levels.


Message History

You are too injured to fight recklessly!
You are too injured to fight recklessly!
The orc wizard casts a spell at you. The magic dart hits you!
You die...
The orc wizard points at you and mumbles some strange words.
The puff of flame hits your lifeless body!
You are now level 5!
You rejoin the land of the living...
An ogre comes into view. It is wielding a +0 giant spiked club.
Found 18 gold pieces.
There is an open door here.
A red film seems to cover your vision as you go berserk!
You feel yourself moving faster!
You feel mighty!
The ogre hits you with a +0 giant spiked club!!
Ouch! That really hurt!
You are too injured to fight recklessly!
You are too injured to fight recklessly!
You are too injured to fight recklessly!
Okay, then.
You feel a strong urge to attack something.
You are too injured to fight recklessly!
The ogre closely misses you.
You feel your anger nearly subside.
There is an open door here.
You are no longer berserk.
You are exhausted.
You feel yourself slow down.
You are too injured to fight recklessly!
The ogre completely misses you.
You scratch the ogre.
The ogre is moderately wounded.
You completely miss the ogre.
The ogre is moderately wounded.
The ogre barely misses you.
You scratch the ogre. You bite the ogre.
The ogre is heavily wounded.
The ogre hits you with a +0 giant spiked club!!
Ouch! That really hurt!
You die...

#........# ##.......##.#
####....####.........#..
...........'.........'.
####....####$........#
#.#.## #.......# #.###
#.....# #.. #...# ##.
##O## .# #@# .# #.#
##.## ##...##
#.....##### ##.........
##.####..#####
.........# ...#######


You could see an ogre.

Vanquished Creatures
  A sky beast (D:4)
  A black bear (D:4)
  An ogre (D:4)
  An orc priest (D:4)
  An iguana (D:4)
  An orc wizard (D:4)
  3 adders
  A worm (D:3)
  A dart slug (D:3)
  8 orcs
  5 ball pythons
  4 bats
  6 endoplasms
  4 giant cockroaches
  13 goblins
  12 hobgoblins
  12 jackals
  3 quokkas
  4 frilled lizards
  A kobold (D:2)
  4 rats
87 creatures vanquished.

Notes
Turn   | Place    | Note
-------+----------+-------------------------------------------
     0 | D:1      | MissSlay the Felid Berserker began the quest for the Orb.
     0 | D:1      | Reached XP level 1. HP: 10/10 MP: 2/2
   256 | D:1      | Reached XP level 2. HP: 11/14 MP: 3/3
   925 | D:2      | Reached skill level 5 in Dodging
   925 | D:2      | Reached XP level 3. HP: 16/17 MP: 4/4
  1008 | D:2      | Reached ** piety under Trog
  1085 | D:2      | Identified the ring of Hergheu Midgho {rF+ rC- rN+ EV+5
                  | Str+3}
  1597 | D:2      | Reached XP level 4. HP: 5/21 MP: 0/5
  1599 | D:2      | Reached skill level 1 in Stealth
  2308 | D:3      | Found a shimmering blue altar of Sif Muna.
  2876 | D:4      | Noticed an ogre
  2882 | D:4      | Killed an ogre
  2883 | D:4      | Reached XP level 5. HP: 24/24 MP: 6/6
  2904 | D:4      | Reached skill level 5 in Unarmed Combat
  2921 | D:4      | Noticed a sky beast
  2926 | D:4      | Gained mutation: You are covered in thick fur. (AC +2)
                  | [Felid growth]
  2926 | D:4      | Reached XP level 6. HP: 28/28 MP: 5/7
  2927 | D:4      | Killed a sky beast
  3442 | D:4      | Killed from afar by an orc wizard
  3443 | D:4      | Reached XP level 5. HP: -1/24 MP: 0/6
  3448 | D:4      | Noticed an ogre
  3461 | D:4      | Slain by an ogre

Illustrated notes

Levels and vault maps discovered:
D:1:      spicycebolla_arrival_clurvy, layout_basic
D:2:      cheibrodos_greedy_goblins, layout_basic,
          nicolae_concentric_dashed_squares_wild
D:3:      layout_basic, mainiacjoe_overflow_paths, serial_rivers,
          chequers_serial_rivers_micro_e, chequers_serial_rivers_small_a,
          chequers_serial_rivers_room_a, chequers_serial_rivers_large_a,
          chequers_serial_rivers_marsh, grunt_decor_mini_mirrors,
          minmay_misc_feat_secret_circle
D:4:      layout_loops_corners, mainiacjoe_overflow_concentric_impassable

Skill      XL: |  1  2  3  4  5  6 |
---------------+-------------------+-----
Dodging        | 5 6 |  6.4
Stealth        | 1 2 |  2.1
Unarmed Combat | 4 5 6 |  6.3
Fighting       | |  3.5

Action                     |  1- 3 |  4- 6 || total
---------------------------+-------+-------++-------
  Melee: Unarmed           |   119 |   123 ||   242
         Bite              |     8 |    16 ||    24
         Punch             |     1 |     4 ||     5
 Invoke: Berserk           |     1 |     9 ||    10
         Trog's Hand       |       |     2 ||     2
   Stab: Sleeping          |     1 |     1 ||     2
 Armour: Skin              |    10 |     8 ||    18
  Dodge: Dodged            |   123 |   124 ||   247
